 Dungeon Crawl Stone Soup version 0.18-a0-1730-g73f0523 (webtiles) character file.

513 4thArraOfDagon the Chopper (level 7, -5/62 HPs)
             Began as a Hill Orc Berserker on Apr 10, 2016.
             Was a Believer of Trog.
             Slain by a wyvern zombie (11 damage)
             ... on level 6 of the Dungeon.
             The game lasted 00:04:55 (959 turns).

4thArraOfDagon the Chopper (Hill Orc Berserker)      Turns: 959, Time: 00:04:56

Health: -5/62      AC: 10    Str: 22    XL:     7   Next: 20%
Magic:  7/7        EV:  8    Int:  7    God:    Trog [**....]
Gold:   72         SH:  0    Dex: 10    Spells: 0 memorised, 6 levels left

rFire  . . .     SeeInvis .     a - +0 hand axe
rCold  . . .     Gourm    .     m - +0 chain mail
rNeg   . . .     Faith    .     (no shield)
rPois  .         Spirit   .     p - +0 helmet
rElec  .         Dismiss  .     (no cloak)
rCorr  .         Reflect  .     (no gloves)
SustAt .         Harm     .     (no boots)
MR     ++...                    (no amulet)
Stlth  ..........               (no ring)
                                (no ring)

@: regenerating, very resistant to hostile enchantments, extremely unstealthy
A: no striking features
a: Berserk, Trog's Hand, Burn Spellbooks, Renounce Religion


You were on level 6 of the Dungeon.
You worshipped Trog.
Trog was pleased with you.
You were not hungry.

You visited 1 branch of the dungeon, and saw 6 of its levels.

You collected 72 gold pieces.

Inventory:

Hand Weapons
 a - a +0 hand axe (weapon)
Armour
 m - a +0 chain mail (worn)
 n - the cursed +3 robe of Folly {Archmagi, MR-- Int+5 *Curse}
   (You found it on level 4 of the Dungeon)

   It affects your intelligence (+5).
   It affects your resistance to hostile enchantments.
   It may re-curse itself when equipped.
   It has a curse placed upon it.
 p - a +0 helmet (worn)
Wands
 o - a wand of random effects (17/48)
 u - a wand of teleportation (3/9)
Scrolls
 b - a scroll of identify {unknown}
 k - a scroll of blinking {unknown}
 q - a scroll of immolation {unknown}
 s - a scroll of magic mapping {unknown}
Potions
 d - a potion of cancellation {unknown}
 e - 3 potions of berserk rage {unknown}
 f - 2 potions of curing
 h - a potion of cure mutation {unknown}
 i - a potion of haste {unknown}
 l - a potion of ambrosia {unknown}
 t - 2 potions of might {unknown}
Comestibles
 c - a bread ration
 g - a slice of pizza
 j - 3 chunks of flesh
 r - a meat ration
 v - 3 fruits


   Skills:
 + Level 5.8 Fighting
 * Level 7.9 Axes
 + Level 4.4 Armour
 - Level 1.5 Dodging


You had 6 spell levels left.
You didn't know any spells.

Dungeon Overview and Level Annotations

Branches:
Dungeon (6/15)
 Temple: D:4-7

Altars:
Ru

Shops:
D:6 =(

Annotations:
D:5 Edmund


Message History

Unknown command.
Unknown command.
Unknown command.
Drink which item? (? for menu, Esc to quit)
It was a potion of curing.
You feel better.
The wyvern zombie bites you but does no damage.
The giant frog closely misses you. The wyvern zombie bites you.
* * * LOW HITPOINT WARNING * * *
Unknown command.
Unknown command.
The giant frog hits you but does no damage.
The giant frog hits you.
* * * LOW HITPOINT WARNING * * *
Unknown command.
Unknown command.
Unknown command.
Your skin crawls.
You feel resistant to hostile enchantments.
You feel slightly more hungry. The wyvern zombie bites you!
You die...

..................
........K(.$..%...
######.(######....
#..# . #>.# ##..#
#F..# ##Z#.# #.@#.#
#.##.# ## #.##.###...
######>##.....#
#..........#
#..........##### ..
#.....>....#.<.# ...
#......).......###...
#########..#.........


You could see a giant frog, a wyvern zombie and a kobold.

Vanquished Creatures
  A centaur (D:5)
  A giant frog (D:6)
  A scorpion (D:4)
  An electric eel (D:6)
  A hound (D:6)
  3 orc wizards
  Ijyb (D:3)
  2 worker ants
  Robin (D:4)
  3 adders
  6 orcs
  A giant cockroach (D:2)
  17 goblins
  4 hobgoblins
  3 jackals (D:2)
  4 bats
  2 giant newts (D:2)
  6 kobolds
  4 rats
62 creatures vanquished.

Notes
Turn   | Place    | Note
--------------------------------------------------------------
     0 | D:1      | 4thArraOfDagon the Hill Orc Berserker began the quest for the Orb.
     0 | D:1      | Reached XP level 1. HP: 19/19 MP: 1/1
    70 | D:1      | Reached XP level 2. HP: 9/27 MP: 2/2
   105 | D:2      | Found a faded altar to an unknown god.
   196 | D:2      | Found a sacrificial altar of Ru.
   210 | D:2      | Reached skill level 5 in Axes
   210 | D:2      | Reached XP level 3. HP: 26/33 MP: 3/3
   344 | D:2      | Reached ** piety under Trog
   364 | D:2      | NIGHTMARE D2
   394 | D:3      | Noticed Ijyb
   403 | D:3      | Killed Ijyb
   403 | D:3      | Reached XP level 4. HP: 41/41 MP: 4/4
   505 | D:4      | Reached XP level 5. HP: 47/47 MP: 5/5
   580 | D:4      | Reached skill level 5 in Fighting
   580 | D:4      | Reached skill level 6 in Axes
   583 | D:4      | Reached XP level 6. HP: 56/56 MP: 6/6
   597 | D:4      | GREAT
   597 | D:4      | Noticed Robin
   620 | D:4      | Killed Robin
   721 | D:3      | You fall through a shaft!
   797 | D:5      | Entered Level 5 of the Dungeon
   817 | D:5      | Noticed Edmund
   821 | D:6      | Found Ruemasat's Weapon Boutique.
   838 | D:6      | Found Juubis's Jewellery Boutique.
   853 | D:5      | Reached skill level 7 in Axes
   931 | D:6      | Reached XP level 7. HP: 36/62 MP: 7/7
   959 | D:6      | Slain by a wyvern zombie

Vault maps used:
D:1:      nicolae_arrival_somewhat_less_tricky_arrival, moated_statue,
          hex_large, st_stairs_3
D:2:      nicolae_ru_great_annihilating_truth, ecumenical_altar_2, first_bread,
          corner_web_ring
D:3:      kennysheep_the_goblin_king
D:4:      zin_purify, serial_shops, nicolae_shop_window_shopping, uniq_robin
D:5:      minitemple, gammafunk_temple_overflow_statue, temple_fountains,
          serial_shops, nicolae_shop_behind_doors, sigmund_army, uniq_duvessa,
          uniq_edmund
D:6:      minmay_goblin_kobold_castle, makhleb_altar_promises_db, slow_altar_1,
          serial_shops, kennysheep_little_box, shop, nicolae_shop_crystal, shop,
          nicolae_shop_crystal, uniq_sigmund, uniq_blork_the_orc

Skill      XL: |  1  2  3  4  5  6 |
---------------+-------------------+-----
Fighting       | 4 5 |  5.8
Axes           | 5 6 7 |  7.9
Armour         | 3 4 |  4.4
Dodging        | |  1.5

Action                   |  1- 3 |  4- 6 |  7- 9 || total
-------------------------+-------+-------+-------++-------
Melee: Hand axe          |    64 |    98 |     2 ||   164
Invok: Berserk           |     4 |     4 |       ||     8
       Trog's Hand       |       |     1 |     2 ||     3
Evoke: Wand              |       |       |     4 ||     4
  Use: Potion            |       |       |     1 ||     1
 Stab: Paralysed         |     1 |       |       ||     1
  Eat: Chunk             |     2 |     7 |       ||     9
